 Dungeon Crawl Stone Soup version 0.29.1-15-g9cfb28693d (webtiles) character file.

Game seed: 319978157476121668

80 Artool the Trooper (level 4, -1/36 HPs)
             Began as a Demonspawn Fighter on Apr 6, 2023.
             Slain by a gnoll
             ... wielding a +0 flail
              (5 damage)
             ... on level 3 of the Dungeon.
             The game lasted 00:02:47 (2086 turns).

Artool the Trooper (Demonspawn Fighter)             Turns: 2086, Time: 00:02:47

Health: -1/36      AC: 12    Str: 18    XL:     4   Next: 18%
Magic:  4/4        EV:  5    Int: 12    God:
Gold:   149        SH:  4    Dex: 12    Spells: 3/3 levels left

rFire   . . .      SeeInvis +   k - +3 whip
rCold   . . .      Faith    .   c - +0 buckler
rNeg    . . .      Spirit   .   j - +0 plate armour
rPois   .          Reflect  .   (no helmet)
rElec   .          Harm     .   i - +0 cloak
rCorr   +          Rampage  .   (no gloves)
Will    .....                   (no boots)
Stlth   ..........              (no amulet)
HPRegen 0.12/turn               h - ring of see invisible
MPRegen 0.09/turn               t - ring of resist corrosion

@: no status effects
A: big brain 1
a: no special abilities


You were on level 3 of the Dungeon.
You visited 1 branch of the dungeon, and saw 3 of its levels.

You collected 149 gold pieces.

Inventory:

Hand Weapons
 a - a +0 flail
 k - a +3 whip (weapon)
Missiles
 u - 3 curare-tipped darts (quivered)
 v - 6 poisoned darts
Armour
 b - a +0 scale mail
 c - a +0 buckler (worn)
 i - a +0 cloak (worn)
 j - a +0 plate armour (worn)
Magical Staves
 p - a staff of conjuration
Jewellery
 h - a ring of see invisible (left hand)
 n - a ring of fire
 s - an amulet of faith
 t - a ring of resist corrosion (right hand)
Scrolls
 e - a scroll of acquirement {unknown}
 f - 4 scrolls of identify {unknown}
 m - 2 scrolls of noise {unknown}
 o - a scroll of teleportation {unknown}
 q - a scroll of immolation {unknown}
Potions
 d - a potion of might
 g - a potion of berserk rage {unknown}
 l - 2 potions of heal wounds {unknown}
 r - a potion of attraction {unknown}
 w - a potion of brilliance {unknown}


   Skills:
 + Level 3.6 Fighting
 + Level 2.5 Maces & Flails
 + Level 3.2 Armour
 + Level 3.2 Shields


You had 3 spell levels left.
You didn't know any spells.
Your spell library contained the following spells:

 Spells                   Type           Power      Damage    Failure   Level
 Sting                    Tmut/Pois      0%         1d3       100%        1


Dungeon Overview and Level Annotations

Branches:
Dungeon (3/15)

Altars:


Innate Abilities, Weirdness & Mutations

You have an unusually large brain. (Int +2)


Message History

A gnoll comes into view. It is wielding a +0 flail.
The gnoll shouts!
You hear a shout!
A gnoll comes into view. It is wielding a +0 spear.
A gnoll comes into view. It is wielding a +0 halberd.
The gnoll shouts!
You hear a shout! x3
There are monsters nearby!
An orc comes into view.
It is wielding a +0 short sword and quivering silver boomerangs.
A gnoll comes into view. It is wielding a +3 whip.
There are monsters nearby!
There are monsters nearby!
An orc comes into view. It is wielding a +0 club.
The orc shouts!
The gnoll hits you but does no damage. x2
You barely miss the gnoll.
The gnoll hits you from afar with a +0 spear.
The gnoll hits you with a +0 flail.
You barely miss the gnoll. You block the gnoll's attack.
The gnoll hits you with a +0 flail!
The gnoll hits you from afar with a +0 spear.
You hit the gnoll.
The gnoll is moderately wounded.
The gnoll hits you from afar with a +0 halberd.
You block the gnoll's attack. The gnoll hits you with a +0 flail!
* * * LOW HITPOINT WARNING * * *
An orc comes into view. It is wielding a +0 mace.
You hit the gnoll but do no damage.
The gnoll is moderately wounded.
The gnoll hits you with a +0 flail.
* * * LOW HITPOINT WARNING * * *
The gnoll attacks as you move away! The gnoll hits you with a +0 flail.
* * * LOW HITPOINT WARNING * * *
The gnoll attacks as you move away! The gnoll hits you but does no damage.
The gnoll attacks as you move away! The gnoll barely misses you.
The gnoll attacks as you move away! The gnoll hits you but does no damage.
The gnoll attacks as you move away! The gnoll barely misses you.
You see here an adder corpse.
The gnoll attacks as you move away! The gnoll hits you with a +0 flail.
* * * LOW HITPOINT WARNING * * *
The gnoll attacks as you move away! The gnoll hits you with a +0 flail.
You die...

..####..###...##........##.#..#+#
..####..'.#......######......##.#
..####).'.#...#### ####..##.8.
..####..#.....# #..##....
........#...#g### #.##...+.
........#...#...## #.#...#+#
#########...###†.########.'8.##.#
#).......####g†...#....#.##...
#........##.@.........###....
#........#............##..#.#
#.................^...#..##.#
#####......###..................#
..........## #...............####
........#..# #...............#
#.......##.###...<..........##
.#########..####.....#...>.##
##.............####


You could see 2 gnolls.

Vanquished Creatures
  4 adders
  A dart slug (D:1)
  4 orcs (D:2)
  2 ball pythons (D:2)
  3 endoplasms
  7 goblins
  A hobgoblin (D:3)
  3 jackals (D:3)
  5 kobolds
  A quokka (D:2)
  2 bats
  A frilled lizard (D:2)
  4 rats
38 creatures vanquished.

Vanquished Creatures (others)
  2 plants (D:3)
2 creatures vanquished.

Grand Total: 40 creatures vanquished

Notes
Turn   | Place    | Note
-------+----------+-------------------------------------------
     0 | D:1      | Artool the Demonspawn Fighter began the quest for the Orb.
     0 | D:1      | Reached XP level 1. HP: 18/18 MP: 1/1
   402 | D:1      | Gained mutation: You have an unusually large brain. (Int
                  | +2) [demonic ancestry]
   402 | D:1      | Reached XP level 2. HP: 23/24 MP: 2/2
   789 | D:2      | Found a faded altar of an unknown god.
   798 | D:2      | Got Plato's Teachings on Poisoning
  1028 | D:2      | Reached XP level 3. HP: 28/29 MP: 3/3
  1905 | D:3      | Reached XP level 4. HP: 27/36 MP: 4/4
  2086 | D:3      | Slain by a gnoll

Illustrated notes

Levels and vault maps discovered:
D:1:      dpeg_arrival_orchard, layout_rooms
D:2:      layout_basic, shapermc_ecumenical_altar_rom_forum
D:3:      layout_rooms, mainiacjoe_overflow_boulevard,
          okawaru_metal_pillars_1_2, minivault_5, grunt_decor_arrowhead,
          kennysheep_generic_room_6

Skill      XL: |  1  2 |
---------------+-------+-----
Maces & Flails | 2 |  2.5
Shields        | 3 |  3.2
Armour         | 3 |  3.2
Fighting       | |  3.6

Action                   |  1- 3 |  4- 6 || total
-------------------------+-------+-------++-------
Melee: Flail             |    27 |       ||    27
       Whip              |    94 |    13 ||   107
Armor: Scale mail        |     6 |       ||     6
       Plate armour      |    95 |     9 ||   104
Dodge: Dodged            |    35 |     3 ||    38
Block: Buckler           |    34 |     3 ||    37
